 Dungeon Crawl Stone Soup version 0.29-a0-241-g20d21d4356 (console) character file.

Game seed: 4174963972236793602

743931 Gather the Worldbinder (level 27, -8/219 HPs)
             Began as a Mummy Necromancer on Feb 23, 2022.
             Was an Elder of Ashenzari.
             Killed by divine providence
             ... invoked by a smoke demon
              (13 damage)
             ... in Pandemonium on Mar 4, 2022.
             The game lasted 17:33:15 (162293 turns).

Gather the Worldbinder (Mummy Necromancer)        Turns: 162293, Time: 17:33:16

Health: -8/219     AC: 28    Str: 15      XL:     27
Magic:  20/68      EV: 12    Int: 27 (30) God:    Ashenzari [****..]
Gold:   3156       SH: 19    Dex: 11      Spells: 2/72 levels left

rFire   + + +      SeeInvis +   a - +9 demon trident (elec)
rCold   + . .      Faith    .   C - +2 kite shield of Ashenzari's Black Moon {rF+, Cun, Comp} (curse)
rNeg    + + +      Spirit   .   p - +6 fire dragon scales
rPois   ∞          Reflect  +   P - +2 helmet "Inaction of Ashenzari" {Int+3, Fort, Elem} (curse)
rElec   +          Harm     .   U - +0 cloak of Supernal Understanding {rCorr, Comp, Self} (curse)
rCorr   +          Rampage  .   M - +0 pair of gloves of the Cursed Sage {+Inv rElec Regen+ Stlth+, Elem, Bglg} (curse)
Will    ++++.      Clarity  +   f - +1 pair of boots of the Three of Cups {rF+}
Stlth   ++++......              h - amulet of Ashenzari's Regret {Reflect SH+5, Melee, Alch} (curse)
HPRegen 1.26/turn               Z - ring of the Mantic Desperation {rN+ MP+9 Str+3 Dex+3, Evo, Bglg} (curse)
MPRegen 0.41/turn               B - ring "Keori" {rC+ Will+ MP+9 Dex-5}

@: calling dragons, studying Crossbows
A: cold resistance 1, negative energy resistance 3, torment resistance 2, heat
vulnerability 1, in touch with death 1, no potions
}: 5/15 runes: serpentine, barnacled, slimy, silver, demonic
a: Renounce Religion, Evoke Invisibility, Curse Item, Shatter the Chains


You were in Pandemonium.
You worshipped Ashenzari.
Ashenzari was greatly pleased with you.
You visited 15 branches of the dungeon, and saw 66 of its levels.
You visited Pandemonium 2 times, and saw 6 of its levels.
You visited the Abyss 18 times.
You visited 1 bazaar.
You also visited: Trove and Ice Cave.

You collected 9304 gold pieces.
You spent 6148 gold pieces at shops.

Inventory:

Hand Weapons
 a - a +9 demon trident of electrocution (weapon)
 e - a +5 dagger of draining
Missiles
 K - 13 curare-tipped darts (quivered)
 Q - 5 throwing nets
Armour
 f - the +1 pair of boots of the Three of Cups (worn) {rF+}
   (You found it in a treasure trove)

   rF:        It protects you from fire.
 p - +6 fire dragon scales (worn)
 z - a +1 pair of boots of stealth
 C - the cursed +2 kite shield of Ashenzari's Black Moon (worn) {rF+, Cun, Comp}
   (You took it off a naga warrior on level 3 of the Snake Pit)

   It has a curse which improves the following skills: Cunning: Dodging and
   Stealth.
   Companions: Summonings and Necromancy.
 M - the cursed +0 pair of gloves of the Cursed Sage (worn) {+Inv rElec Regen+ Stlth+, Elem, Bglg}
   (You bought it in a shop on level 2 of the Orcish Mines)

   rElec:     It insulates you from electricity.
   +Inv:      It lets you turn invisible.
   Regen:     It increases your rate of health regeneration.
   Stlth:     It makes you more stealthy.
   It has a curse which improves the following skills: Elements: Fire Magic, Ice
   Magic, Air Magic and Earth Magic.
   Beguiling: Conjurations, Hexes and Translocations.
 P - the cursed +2 helmet "Inaction of Ashenzari" (worn) {Int+3, Fort, Elem}
   (You found it on level 2 of the Realm of Zot)

   It has a curse which improves the following skills: Fortitude: Armour and
   Shields.
   Elements:  Fire Magic, Ice Magic, Air Magic and Earth Magic.
 U - the cursed +0 cloak of Supernal Understanding (worn) {rCorr, Comp, Self}
   (You took it off a draconian scorcher on level 1 of the Realm of Zot)

   It has a curse which improves the following skills: Companions: Summonings
   and Necromancy.
   Introspection: Fighting and Spellcasting.
Magical Staves
 b - a staff of earth
 c - a staff of conjuration
 d - a staff of death
Jewellery
 h - the cursed amulet of Ashenzari's Regret (around neck) {Reflect SH+5, Melee, Alch}
   (You found it on level 1 of the Dungeon)

   [amulet of reflection]

   It reflects blocked missile attacks.
   SH:        It affects your SH (+5).
   It has a curse which improves the following skills: Melee Combat: Short
   Blades, Long Blades, Axes, Maces & Flails, Polearms, Staves and Unarmed
   Combat.
   Alchemy:   Poison Magic and Transmutations.
 k - the ring "Lissien" {AC+4 Str+4}
   (You took it off a deep elf demonologist on level 3 of the Elven Halls)

   [ring of protection]

   AC:        It affects your AC (+4).
   Str:       It affects your strength (+4).
 m - the ring "Jaoliar" {Drain rF+ Will- Str+5 Slay+2}
   (You found it on level 5 of the Vaults)

   [ring of protection from fire]

   Str:       It affects your strength (+5).
   Slay:      It affects your accuracy & damage with ranged weapons and melee
   (+2).
   rF:        It protects you from fire.
   Drain:     It drains your maximum health when unequipped.
   Will:      It decreases your willpower.
 q - the ring of Ashenzari's Supremacy {rF+ Will+}
   (You found it on level 2 of the Depths)

   [ring of protection from fire]

   rF:        It protects you from fire.
   Will:      It increases your willpower.
 t - a ring of protection from cold
 w - the ring "Yrphanias" {EV+4 Int+5 Stlth+}
   (You took it off a yaktaur captain on level 4 of the Vaults)

   [ring of evasion]

   EV:        It affects your evasion (+4).
   Int:       It affects your intelligence (+5).
   Stlth:     It makes you more stealthy.
 y - the ring "Dubucvaw" {AC+4 Int+4 Dex+4}
   (You found it in Pandemonium)

   [ring of protection]

   AC:        It affects your AC (+4).
   Int:       It affects your intelligence (+4).
   Dex:       It affects your dexterity (+4).
 B - the ring "Keori" (right hand) {rC+ Will+ MP+9 Dex-5}
   (You acquired it on level 2 of the Elven Halls)

   [ring of magical power]

   Dex:       It affects your dexterity (-5).
   rC:        It protects you from cold.
   MP:        It affects your magic capacity (+9).
   Will:      It increases your willpower.
 I - the ring "Tuop" {Fly Dex+3 Stlth+}
   (You took it off a yaktaur captain on level 4 of the Vaults)

   [ring of flight]

   Dex:       It affects your dexterity (+3).
   Fly:       It grants you flight.
   Stlth:     It makes you more stealthy.
 N - the ring "Viybba" {rPois rC- Int+6 Dex+8 Slay+6}
   (You bought it in a shop on level 2 of the Orcish Mines)

   [ring of intelligence]

   Int:       It affects your intelligence (+6).
   Dex:       It affects your dexterity (+8).
   Slay:      It affects your accuracy & damage with ranged weapons and melee
   (+6).
   rC:        It makes you vulnerable to cold.
   rPois:     It protects you from poison.
 Z - the cursed ring of the Mantic Desperation (left hand) {rN+ MP+9 Str+3 Dex+3, Evo, Bglg}
   (You found it on level 11 of the Dungeon)

   [ring of magical power]

   Str:       It affects your strength (+3).
   Dex:       It affects your dexterity (+3).
   rN:        It protects you from negative energy.
   MP:        It affects your magic capacity (+9).
   It has a curse which improves the following skills: Evocations: Evocations.
   Beguiling: Conjurations, Hexes and Translocations.
Wands
 o - a wand of acid (4)
 u - a wand of flame (61)
 F - a wand of iceblast (37)
 G - a wand of digging (25)
 S - a wand of mindburst (51)
Scrolls
 i - 10 scrolls of vulnerability
 j - 8 scrolls of fog
 n - 14 scrolls of magic mapping
 r - a scroll of silence
 s - 2 scrolls of brand weapon
 v - 2 scrolls of torment
 x - 3 scrolls of fear
 A - 5 scrolls of summoning
 J - a scroll of acquirement
 L - a scroll of blinking
 R - 10 scrolls of teleportation
 V - 11 scrolls of immolation
Miscellaneous
 g - the horn of Geryon
 D - a condenser vane (inert)
 H - a tin of tremorstones (2/2)
 O - a box of beasts
 X - a lightning rod (4/4)
 Y - a phial of floods


   Skills:
 - Level 16.7(18.5) Fighting
 - Level 13.3(15.2) Polearms
 - Level 11.7(13.6) Armour
 + Level 10.4(12.3) Dodging
 + Level 9.5(11.4) Stealth
 - Level 12.9(14.8) Shields
 + Level 21.8(23.4) Spellcasting
 + Level 15.7(18.5) Conjurations
 + Level 23.6(26.1) Summonings
 + Level 19.9(22.5) Necromancy
 + Level 15.8(18.6) Earth Magic
 - Level 7.3(9.3) Evocations


You had 2 spell levels left.
You knew the following spells:

 Your Spells              Type           Power      Damage    Failure   Level
a - Iron Shot             Conj/Erth      46%        9d9       1%          6
b - Orb of Destruction    Conj           46%        9d12      2%          7
c - Death Channel         Necr           62%        N/A       1%          6
d - Animate Dead          Necr           62%        N/A       0%          4
f - Borgnjor's Vile Clut  Necr/Erth      60%        N/A       1%          5
g - Agony                 Necr           100%       N/A       0%          5
h - Lehudib's Crystal Sp  Conj/Erth      46%        10d11     21%         8
i - Infestation           Necr           62%        N/A       4%          8
q - Blink                 Tloc           66%        N/A       9%          2
s - Spellforged Servitor  Conj/Summ      50%        N/A       1%          7
v - Vampiric Draining     Necr           100%       2d13      0%          3
x - Dragon's Call         Summ           53%        N/A       14%         9

Your spell library contained the following spells:

 Spells                   Type           Power      Damage    Failure   Level
 Animate Skeleton         Necr           100%       N/A       0%          1
 Magic Dart               Conj           100%       1d8       0%          1
 Pain                     Necr           100%       1d9       0%          1
 Sandblast                Erth           100%       2d20      0%          1
 Summon Small Mammal      Summ           100%       N/A       0%          1
 Call Imp                 Summ           100%       N/A       0%          2
 Corpse Rot               Necr/Air       100%       N/A       1%          2
 Passwall                 Tmut/Erth      58%        N/A       1%          2
 Static Discharge         Conj/Air       70%        N/A       1%          2
 Apportation              Tloc           66%        N/A       5%          1
 Freeze                   Ice            100%       1d11      5%          1
 Slow                     Hex            100%       N/A       5%          1
 Sting                    Tmut/Pois      100%       1d8       6%          1
 Poisonous Vapours        Pois/Air       66%        N/A       9%          2
 Call Canine Familiar     Summ           100%       N/A       0%          3
 Animate Armour           Summ/Erth      100%       N/A       0%          4
 Dispel Undead            Necr           100%       3d31      0%          4
 Excruciating Wounds      Necr           62%        N/A       0%          5
 Conjure Flame            Conj/Fire      70%        6-21      1%          3
 Dazzling Flash           Conj/Hex       100%       N/A       1%          3
 Mephitic Cloud           Conj/Pois/Air  60%        N/A       1%          3
 Summon Guardian Golem    Hex/Summ       80%        N/A       1%          3
 Anguish                  Hex/Necr       48%        N/A       1%          4
 Flame Wave               Conj/Fire      70%        2d13      1%          4
 Fulminant Prism          Conj/Hex       35%        3d18      1%          4
 Hailstorm                Conj/Ice       70%        3d15      1%          4
 Leda's Liquefaction      Hex/Erth       35%        N/A       1%          4
 Petrify                  Tmut/Erth      70%        N/A       1%          4
 Sticky Flame             Conj/Fire      70%        2d8       1%          4
 Summon Lightning Spire   Summ/Air       80%        N/A       1%          4
 Iskenderun's Battlesphe  Conj           93%        2d14      1%          5
 Lee's Rapid Deconstruct  Erth           46%        3d23*     1%          5
 Summon Forest            Summ/Tloc      40%        N/A       1%          5
 Summon Mana Viper        Hex/Summ       80%        N/A       1%          5
 Summon Hydra             Summ           53%        N/A       1%          7
 Summon Horrible Things   Summ           53%        N/A       1%          8
 Fireball                 Conj/Fire      35%        3d15      3%          5
 Irradiate                Conj/Tmut      35%        3d25      3%          5
 Lightning Bolt           Conj/Air       35%        1d53      3%          5
 Simulacrum               Ice/Necr       48%        N/A       9%          6
 Freezing Cloud           Conj/Ice/Air   30%        6-21      13%         5
 Frozen Ramparts          Ice            66%        1d8       16%         3
 Gell's Gravitas          Tloc           33%        N/A       16%         3
 Inner Flame              Hex/Fire       33%        N/A       16%         3
 Lesser Beckoning         Tloc           33%        N/A       16%         3
 Ozocubu's Armour         Ice            33%        N/A       16%         3
 Portal Projectile        Hex/Tloc       66%        N/A       16%         3
 Teleport Other           Tloc           33%        N/A       16%         3
 Tukima's Dance           Hex            33%        N/A       16%         3
 Ignite Poison            Fire/Tmut/Pois 33%        N/A       17%         3
 Conjure Ball Lightning   Conj/Air       35%        3x3d11    21%         6
 Airstrike                Air            16%        N/A       47%         4
 Cause Fear               Hex            16%        N/A       47%         4
 Passage of Golubria      Tloc           33%        N/A       47%         4
 Olgreb's Toxic Radiance  Pois           32%        N/A       50%         4
 Manifold Assault         Tloc           33%        N/A       83%         5
 Metabolic Englaciation   Hex/Ice        16%        N/A       83%         5
 Silence                  Hex/Air        16%        N/A       83%         5
 Yara's Violent Unravell  Hex/Tmut       16%        3d8       83%         5
 Alistair's Intoxication  Tmut/Pois      21%        N/A       85%         5
 Shatter                  Erth           46%        3d36*     97%         9
 Dispersal                Tloc           16%        N/A       100%        6
 Eringya's Noxious Bog    Tmut/Pois      16%        N/A       100%        6
 Enfeeble                 Hex            16%        N/A       100%        7
 Ozocubu's Refrigeration  Ice            16%        4d8       100%        7
 Discord                  Hex            16%        N/A       100%        8
 Disjunction              Tloc           16%        N/A       100%        8
 Ignition                 Fire           16%        3d7       100%        8
 Maxwell's Capacitive Co  Air            16%        ∞         100%        8
 Chain Lightning          Conj/Air       35%        3d46      100%        9
 Fire Storm               Conj/Fire      35%        8d9       100%        9
 Polar Vortex             Ice            16%        N/A       100%        9
 Sublimation of Blood     Necr           Unusable   N/A       N/A         2
 Beastly Appendage        Tmut           Unusable   N/A       N/A         1
 Wereblood                Tmut           Unusable   N/A       N/A         2
 Spider Form              Tmut/Pois      Unusable   N/A       N/A         3
 Statue Form              Tmut/Erth      Unusable   N/A       N/A         6
 Ice Form                 Ice/Tmut       Unusable   N/A       N/A         4
 Blade Hands              Tmut           Unusable   N/A       N/A         5
 Necromutation            Tmut/Necr      Unusable   N/A       N/A         8
 Storm Form               Tmut/Air       Unusable   N/A       N/A         7

Dungeon Overview and Level Annotations

Branches:
Dungeon (15/15)            Temple (1/1) D:7            Lair (6/6) D:11
 Shoals (4/4) Lair:4        Snake (4/4) Lair:2        Slime (5/5) Lair:5
    Orc (2/2) D:10            Elf (3/3) Orc:2        Vaults (5/5) D:14
  Crypt (0/3) Vaults:2     Depths (4/4) D:15           Hell (visited)
    Dis (2/7) Hell            Geh (6/7) Hell            Coc (0/7) Hell
    Tar (3/7) Hell            Zot (5/5) Depths:4      IceCv (visited)

Altars:
Ashenzari
Cheibriados
Dithmenos
Elyvilon
Fedhas
Gozag
Hepliaklqana
Kikubaaqudgha
Makhleb
Nemelex Xobeh
Okawaru
Qazlal
Ru
Sif Muna
Trog
Uskayaw
Vehumet
Wu Jian
Xom
Yredelemnul
Zin
The Shining One
Beogh
Jiyva
Lugonu

Shops:
D:1 :   D:8 *   D:13 !   Orc:1 !:   Orc:2 ([*(   Elf:3 [:(!   Shoals:1 *
Snake:1 (   Vaults:1 (   Vaults:5 [   Depths:4 ?[

Portals:
Hell: Depths:1 Depths:2 Depths:3 Depths:4
Abyss: D:3 Depths:2 Depths:3 Depths:4
Pandemonium: Depths:2
Ziggurat: Depths:4


Innate Abilities, Weirdness & Mutations

You are immune to poison.
Your flesh is cold resistant. (rC+)
You are immune to negative energy. (rN+++)
You are immune to unholy pain and torment.
You are vulnerable to heat. (rF-)
You are in touch with the powers of death.
You do not drink.


Message History

The spray of metal splinters hits the balrug!!! x2
The balrug dies!
A death scarab bursts from the balrug!
The hellion gestures at you.
The sphere of damnation explodes!
The damnation engulfs you!!
* * * LOW HITPOINT WARNING * * *
Press: ? - help, v - describe, . - travel A gate leading to another region of Pandemonium.
You are covered in liquid flames!
* * * LOW HITPOINT WARNING * * *
A dragon arrives to answer your call!
You hear a bellow!
Your death scarab barely misses the hellion.
The balrug gestures at you. Something smites you!
* * * LOW HITPOINT WARNING * * *
Your quicksilver dragon completely misses the balrug.
Your quicksilver dragon claws the balrug.
The balrug hits your iron dragon but does no damage.
Your iron dragon bites the balrug.
Your iron dragon claws the balrug!!
Your iron dragon completely misses the balrug.
Your death scarab bites the smoke demon!!
Your death scarab drains the smoke demon's vigour!
The smoke demon seems to slow down.
There is a gate leading to another region of Pandemonium here.
You are covered in liquid flames!
You hear a bellow!
Your death scarab bites the hellion!
Your death scarab drains the hellion's vigour!
The hellion seems to slow down.
The soul eater hits your death scarab!
Your quicksilver dragon bites the balrug.
Your quicksilver dragon claws the balrug!
The balrug dies!
The balrug gestures at you.
The fireball explodes!
The fireball engulfs you. You resist.
* * * LOW HITPOINT WARNING * * *
The fireball engulfs the balrug.
The balrug completely resists.
The smoke demon gestures at you. Something smites you!
You die...

...# {{.....#.* ,, , *
...#, {..D.D2D. *,, , , ,
.|.#. {#.#.#.# * , , ***
...#)...3..D.. #....#.. ,,
,,
...#####'''#####....#.,,,,
, ....................'
,,, ,
....................# , *
.......§§...........#,, *
, , .........D..........#,
* ,, ,
.........D)..B......# ,,
*,, ........D[32323.@...#{
,,*, ,
...######33#####2...# , *
, ... , #.34{..#3...#{,,,
, ..,* ,,#..#{3.§....# ,,
, , , ,#..#...#....#,, ,,
,,, ,, ,, #..#...#....#
,,, , , #..#.§§#....#,, ,
, , ,, ,,, #..#####....# *
* * **# ,, , , ....,
,...... ,, , ,, . , , ...
, , , ,,, ,, . , ,,,
,,,,,,,, , , , .


You could see 2 balrugs, a soul eater (fast), 2 sun demons, 3 smoke demons, a
hellion (resistant, infested, slow, ally target), a friendly iron dragon
(summoned, catching breath), a friendly quicksilver dragon (summoned) and a
friendly death scarab.

Vanquished Creatures
  the Royal Jelly (Slime:5)
  4 dread liches
  3 orbs of fire (Zot:5)
  An ancient lich (Zot:5)
  A pandemonium lord (Pan)
  Frederick (Vaults:4)
  Vashnia (Snake:4)
  Vv (Depths:3)
  4 Killer Klowns
  A curse toe (Zot:4)
  Saint Roka (Orc:2)
  3 caustic shrikes
  7 golden dragons
  Jory (Depths:3)
  Nikola (Snake:2)
  the Enchantress (Depths:2)
  A profane servitor (Hell)
  2 bone dragons
  2 Tzitzimimeh (Tar:2)
  An electric golem (Zot:5)
  4 Brimstone Fiends
  The ghost of Nigaic the Wrestler, a veteran VSFi of Gozag (Depths:1)
  14 tentacled monstrosities
  4 hellephants
  Rupert (Orc:2)
  6 Ice Fiends (Pan)
  6 liches
  15 Orb Guardians (Zot:5)
  The ghost of Ocaaf the Scholar, an adept DsIE of Sif Muna (Elf:2)
  5 quicksilver dragons
  2 Hell Sentinels
  2 deep elf master archers (Elf:3)
  16 acid blobs
  2 deep elf blademasters (Elf:3)
  Frances (Snake:2)
  The ghost of Zoites the Severer, an adept NaFi of Cheibriados (Snake:2)
  3 titans
  8 death cobs
  A kraken (Shoals:4)
  10 sphinxes
  7 Executioners
  2 shadow dragons
  An ancient champion (Vaults:2)
  20 tentacled starspawn
  Donald (Snake:2)
  4 tengu reavers
  8 storm dragons
  The ghost of Mandevil the Warrior, an adept DrHu of Hepliaklqana (Snake:3)
  3 draconian monks
  8 draconian knights
  3 demonspawn warmongers (Pan)
  5 deep elf sorcerers
  5 fire giants
  Roxanne (Elf:2)
  2 revenants
  3 nagarajas
  10 rockslimes
  11 vault wardens
  5 azure jellies
  An iron dragon (Vaults:5)
  5 ghost moths
  5 frost giants
  3 balrugs (Pan)
  4 orc warlords
  4 cacodemons
  A quicksilver elemental (Hell)
  4 draconian shifters
  A shard shrike simulacrum (Abyss:4)
  5 draconian scorchers
  4 deep elf elementalists (Elf:3)
  A caustic shrike skeleton (Abyss:1)
  8 reapers
  A draconian stormcaller (Zot:4)
  6 spriggan defenders (Depths:2)
  26 very ugly things
  8 demonspawn corrupters (Pan)
  14 ironbound preservers
  9 stone giants
  5 draconian annihilators
  13 quicksilver oozes
  8 ironbound thunderhulks
  9 vampire knights
  An ophan (Abyss:4)
  4 demonspawn black suns (Pan)
  Azrael (D:13)
  14 dire elephants
  4 green draconians
  13 deep elf demonologists
  7 deep elf annihilators
  10 red draconians
  8 black draconians
  3 lorocyprocas
  9 yellow draconians
  2 entropy weavers
  9 white draconians
  11 spark wasps
  8 purple draconians
  4 crystal guardians
  6 deep elf death magi
  10 green deaths
  8 ettins
  5 deep elf high priests
  7 blizzard demons
  8 fire dragons
  7 merfolk javelineers
  Josephine (Orc:2)
  7 ice dragons
  13 merfolk impalers
  A rakshasa (Abyss:4)
  11 great orbs of eyes
  8 yaktaur captains
  10 hydras
  6 boulder beetles
  3 peacekeepers
  11 vault guards
  11 naga warriors
  2 salamander tyrants
  The ghost of Zero the Destroyer, a journeyman GrCj of Vehumet (D:10)
  14 nameless horrors
  2 anacondas (Snake:1)
  A death knight (Vaults:2)
  7 merfolk avatars
  5 spriggan air magi
  2 hell beasts (Pan)
  6 ironbound frosthearts
  Amaemon (D:11)
  An ogre mage (Vaults:5)
  8 centaur warriors
  33 dancing weapons
  5 merfolk aquamancers
  4 alligator snapping turtles (Shoals:4)
  11 deep troll shamans
  12 death yaks
  2 two-headed ogres
  A satyr (Shoals:3)
  12 tengu warriors
  4 vampire magi
  10 hell hogs
  36 sun demons
  12 deep troll earth magi
  8 spriggan berserkers
  4 orc high priests
  8 shock serpents
  19 thrashing horrors
  13 naga sharpshooters
  Sonja (Orc:2)
  19 deep elf knights
  11 hell knights
  6 holy swine (Pan)
  23 soul eaters
  11 sixfirhies
  A spectral bunyip (Tar:1)
  21 wretched stars
  11 iron trolls
  A shadow wraith (Abyss:3)
  A sea snake (shapeshifter) (Depths:2)
  A spatial maelstrom (Abyss:3)
  9 shadow demons
  2 salamander mystics
  56 deep trolls
  41 large abominations
  8 naga ritualists
  A swamp dragon (Lair:6)
  6 glowing orange brains
  2 flayed ghosts
  An anaconda skeleton (Hell)
  8 wizards
  8 deep elf archers
  8 sea snakes
  A kraken simulacrum (Shoals:4)
  6 ironbound convokers
  7 phantasmal warriors
  2 orange crystal statues (Vaults:4)
  6 lindwurms
  6 mana vipers
  13 harpies
  A necromancer (Vaults:3)
  7 orc knights
  5 shining eyes
  38 deep elf pyromancers
  An oklob plant (Lair:4)
  42 ugly things
  2 fauns
  37 deep elf zephyrmancers
  2 orc sorcerers (Orc:2)
  4 cyclopes
  20 moths of wrath
  9 salamanders
  15 manticores
  18 naga magi
  4 worldbinders
  9 guardian serpents
  19 vault sentinels
  13 elephants
  A rust devil (Depths:2)
  An apocalypse crab (Abyss:4)
  11 merfolk sirens
  Joseph (D:10)
  A molten gargoyle (Hell)
  An ice statue (Hell)
  9 water nymphs
  47 black mambas
  3 eyes of devastation
  41 smoke demons
  6 torpor snails (Lair:6)
  14 cane toads
  9 orange demons
  5 hellions (Pan)
  5 rime drakes (Lair:6)
  4 unseen horrors
  10 hellwings
  21 demonic crawlers
  13 tormentors
  A yaktaur (shapeshifter) (Depths:2)
  5 kobold demonologists
  3 efreet
  7 komodo dragons
  8 tengu conjurers
  3 freezing wraiths
  An ice devil (Pan)
  An anaconda simulacrum (Hell)
  24 yaktaurs
  9 ancient zymes
  2 red devils (Pan)
  33 merfolk
  2 hydra zombies (Hell)
  4 polar bears
  Grinder (D:5)
  7 wind drakes
  5 hornets
  3 trolls
  8 snapping turtles
  A tarantella (Vaults:4)
  A dream sheep (shapeshifter) (D:13)
  A tyrant leech (Lair:3)
  Prince Ribbit (D:6)
  4 dream sheep (Lair:6)
  2 stone giant simulacra
  10 raiju
  92 slime creatures
  5 blink frogs
  An alligator skeleton (Hell)
  A harpy skeleton (Abyss:3)
  An iron dragon simulacrum (Abyss:4)
  4 flying skulls
  A culicivora (Vaults:4)
  A vampire (D:12)
  A wyvern (Lair:3)
  5 wraiths
  5 spriggans
  7 air elementals
  33 ynoxinuls
  26 water elementals
  5 basilisks
  2 fire bats (Abyss:3)
  35 yaks
  A fire bat (shapeshifter) (Vaults:5)
  6 fire elementals
  23 chaos spawn
  3 redbacks
  4 steam dragons
  Eustachio (D:6)
  22 neqoxecs
  Menkaure (D:5)
  2 wargs (D:10)
  9 vampire mosquitoes
  46 nagas
  3 spatial vortices
  4 swamp worms
  A harpy simulacrum (Abyss:3)
  A demonic crawler simulacrum (IceCv)
  2 acid dragons
  11 water moccasins
  2 hell hounds
  7 black bears
  A swamp drake (Lair:6)
  An alligator simulacrum (Hell)
  3 sky beasts
  A hornet zombie (D:9)
  A meliai simulacrum (D:14)
  45 orc warriors
  2 ice beasts
  The ghost of Mictavius the Skirmisher, an amateur BaFi (D:3)
  A necrophage (D:5)
  A boggart (Elf:1)
  26 wolves
  9 centaurs
  7 ogres
  3 kobold brigands
  14 bullfrogs
  5 scorpions
  Blork the orc (D:6)
  4 earth elementals
  A two-headed ogre simulacrum (D:11)
  A gnoll sergeant (D:8)
  A water moccasin zombie (D:6)
  25 small abominations
  12 killer bees
  11 wights
  3 centaur zombies
  5 howler monkeys
  20 starcursed masses
  2 quasits
  19 orc priests
  5 hounds
  A centaur skeleton (D:5)
  3 bullfrog skeletons
  3 iron imps
  3 iguanas
  27 orc wizards
  2 spriggan simulacra (D:11)
  A troll simulacrum (D:11)
  A killer bee zombie (D:7)
  Robin (D:2)
  17 gnolls
  3 howler monkey skeletons
  11 adders
  A naga simulacrum (D:11)
  4 shadow imps
  8 white imps
  3 ufetubi
  3 worms
  5 dart slugs
  93 orcs
  6 bats
  7 endoplasms
  4 giant cockroaches
  12 goblins
  7 hobgoblins
  23 kobolds
  2 quokkas (D:2)
  4 ball pythons
  3 frilled lizards
  4 rats
  2 fire vortices
  2 lurking horrors
  10 starspawn tentacles
2646 creatures vanquished.

Vanquished Creatures (collateral kills)
  2 dread liches
  The ghost of Elaxoek the Sorcerer, a legendary DjFE of Makhleb (Depths:1)
  4 orbs of fire (Zot:5)
  2 ancient liches (Abyss:1)
  Mennas (Vaults:4)
  Sojobo (Vaults:5)
  A curse toe (Zot:4)
  4 golden dragons
  6 caustic shrikes
  Geryon (Hell)
  3 electric golems
  4 Brimstone Fiends
  A doom hound (Hell)
  11 bone dragons
  3 tentacled monstrosities
  A Tzitzimitl (Hell)
  3 Ice Fiends (Pan)
  6 hellephants
  2 Hell Sentinels
  4 searing wretches
  A lich (Hell)
  10 Orb Guardians (Zot:5)
  A quicksilver dragon (Vaults:5)
  7 acid blobs (Slime:5)
  Murray (Depths:1)
  A titan (Vaults:5)
  10 tentacled starspawn
  3 sphinxes (Vaults:5)
  3 Executioners (Pan)
  3 pandemonium lords (Pan)
  2 death cobs
  3 shadow dragons
  6 tengu reavers
  7 ancient champions
  The ghost of Itutiusk the Severer, an adept VSFi of Ru (Vaults:4)
  3 storm dragons
  2 demonspawn warmongers (Pan)
  2 draconian monks
  2 draconian knights
  3 frost giants
  6 azure jellies (Slime:5)
  A rockslime (Slime:5)
  3 iron dragons
  7 fire giants
  2 draconian scorchers
  2 quicksilver elementals (Dis:1)
  2 cacodemons
  A deep elf sorcerer (Vaults:5)
  7 vault wardens
  A spectral caustic shrike (Tar:1)
  10 balrugs
  3 draconian annihilators
  4 stone giants (Vaults:5)
  8 reapers
  5 draconian shifters
  3 draconian stormcallers
  4 quicksilver oozes (Slime:5)
  3 ironbound preservers (Vaults:5)
  2 demonspawn blood saints (Pan)
  6 very ugly things
  A lorocyproca (Abyss:4)
  9 war gargoyles
  4 green draconians
  3 ironbound thunderhulks
  2 demonspawn black suns (Pan)
  2 deep elf demonologists (Vaults:5)
  5 purple draconians
  A spectral titan (Tar:1)
  2 putrid mouths
  A deep elf annihilator (Vaults:5)
  6 black draconians
  4 white draconians
  8 yellow draconians
  3 red draconians
  3 eidola
  A fire dragon (Zot:4)
  3 ettins
  4 blizzard demons
  A spectral quicksilver dragon (Tar:1)
  A deep elf high priest (Vaults:5)
  3 green deaths (Pan)
  A spectral spriggan (Tar:1)
  A great orb of eyes (Vaults:4)
  5 yaktaur captains
  2 hell beasts
  3 salamander tyrants
  22 vault guards
  3 rakshasas
  A spriggan skeleton (Abyss:4)
  An ironbound frostheart (Vaults:4)
  An ogre mage (Vaults:5)
  4 stokers
  A centaur warrior (D:11)
  A spectral stone giant (Tar:2)
  A dancing weapon (Abyss:4)
  A spectral dire elephant (Tar:1)
  3 two-headed ogres (Vaults:5)
  A deep troll earth mage (Vaults:4)
  29 hell hogs
  A deep troll shaman (Depths:4)
  A death yak (Lair:6)
  3 nameless horrors
  8 thrashing horrors
  A deep elf knight (Elf:2)
  A spriggan (Depths:2)
  7 soul eaters
  4 hell knights
  22 sun demons
  3 shadow wraiths
  2 iron trolls
  2 wretched stars (Abyss:4)
  A spectral bunyip (Tar:1)
  3 sixfirhies
  A spatial maelstrom (Abyss:3)
  A skeletal warrior (Hell)
  2 phantasmal warriors (Vaults:5)
  A spectral hydra (Tar:1)
  2 deep trolls
  4 shadow demons
  A lindwurm (shapeshifter) (Abyss:4)
  3 ironbound convokers
  A deep elf archer (Elf:3)
  3 necromancers
  A lindwurm (Lair:6)
  A mana viper (shapeshifter) (Vaults:5)
  3 wizards
  A deep elf zephyrmancer (Elf:3)
  An ugly thing (Vaults:1)
  A shining eye (Slime:4)
  A spectral centaur (Tar:1)
  A will-o-the-wisp (Abyss:2)
  A moth of wrath (Zot:3)
  2 worldbinders (Abyss:4)
  An elephant (shapeshifter) (Vaults:5)
  A guardian serpent (Abyss:4)
  5 vault sentinels
  7 rust devils
  An eye of devastation (Slime:5)
  2 molten gargoyles
  37 smoke demons
  4 apocalypse crabs
  3 orange demons
  5 freezing wraiths
  5 demonic crawlers
  17 tormentors
  A komodo dragon (D:11)
  5 hellions
  An efreet (Abyss:3)
  5 yaktaurs (Vaults:5)
  12 hellwings
  2 ice devils (Pan)
  A spectral harpy (Tar:1)
  2 red devils
  6 ancient zymes
  2 polar bears
  A silent spectre (Tar:2)
  A hornet (Depths:2)
  A hydra skeleton (Hell)
  14 slime creatures
  A meliai zombie (D:10)
  4 dream sheep (Lair:6)
  12 raiju
  2 blink frogs (Abyss:4)
  12 starcursed masses
  Sigmund (D:6)
  5 flying skulls
  A yak (Lair:1)
  8 ynoxinuls (Pan)
  5 fire bats
  3 neqoxecs
  A steam dragon (D:9)
  21 large abominations
  5 chaos spawn (Pan)
  A naga (Lair:1)
  2 wargs
  4 hell hounds
  9 small abominations
  An ogre (Vaults:5)
  A necrophage (D:6)
  A wolf (D:11)
  A crimson imp (Abyss:1)
  An iron imp (Abyss:3)
  An orc wizard (D:4)
  2 gnolls (D:2)
  A white imp (Abyss:4)
  3 orcs
  A bat (D:3)
  A creeping inferno (Geh:1)
  6 fire vortices
  2 lurking horrors (Abyss:4)
  8 starspawn tentacles
720 creatures vanquished.

Vanquished Creatures (others)
  An acid blob (Slime:5)
  A tentacled starspawn (Abyss:3)
  A ghost moth (Zot:1)
  A reaper (Hell)
  A green draconian (Zot:2)
  A lorocyproca (Abyss:1)
  An ogre mage (Vaults:5)
  2 deep elf zephyrmancers
  A deep elf pyromancer (Elf:1)
  2 black mambas (Snake:4)
  A smoke demon (Abyss:4)
  An orange demon (Abyss:3)
  A fire bat (Abyss:4)
  A ynoxinul (Pan)
  A small abomination (Abyss:4)
  A chaos spawn (Abyss:4)
  A naga (Snake:4)
  An ufetubus (Abyss:3)
  2 bushes (Abyss:4)
  5 demonic plants (Abyss:4)
  5 fire vortices
  2 foxfires (Abyss:2)
  32 fungi
  4 lurking horrors (Abyss:4)
  132 plants
  98 starspawn tentacles
  3 tentacles (Shoals:4)
  2 withered plants (D:10)
305 creatures vanquished.

Grand Total: 3671 creatures vanquished

Notes
Turn   | Place    | Note
-------+----------+-------------------------------------------
     0 | D:1      | Gather the Mummy Necromancer began the quest for the Orb.
     0 | D:1      | Reached XP level 1. HP: 13/13 MP: 4/4
   175 | D:1      | Learned a level 1 spell: Animate Skeleton
   346 | D:1      | Reached XP level 2. HP: 19/20 MP: 1/6
   601 | D:1      | Reached skill level 1 in Fighting
   760 | D:1      | Found Noutyta's Book Shop.
  1376 | D:2      | Found a faded altar of an unknown god.
  1450 | D:2      | Reached XP level 3. HP: 26/26 MP: 1/7
  1629 | D:2      | Learned a level 3 spell: Vampiric Draining
  1997 | D:2      | Found a hazy altar of Hepliaklqana.
  2029 | D:2      | Reached XP level 4. HP: 33/33 MP: 7/9
  2184 | D:2      | Reached skill level 1 in Armour
  2225 | D:1      | Reached XP level 5. HP: 19/38 MP: 4/11
  2614 | D:2      | Noticed Robin
  2648 | D:2      | Killed Robin
  2649 | D:2      | Reached skill level 5 in Necromancy
  3058 | D:3      | Learned a level 4 spell: Animate Dead
  3133 | D:3      | Found a one-way gate to the infinite horrors of the Abyss.
  3133 | D:3      | Noticed Mictavius's ghost (amateur BaFi)
  3174 | D:3      | Found a transporter.
  3178 | D:3      | Found a transporter.
  3520 | D:4      | Reached skill level 5 in Spellcasting
  3583 | D:3      | Reached XP level 6. HP: 43/44 MP: 13/13
  4393 | D:5      | Entered Level 5 of the Dungeon
  4544 | D:4      | Reached XP level 7. HP: 27/50 MP: 9/16
  4751 | D:5      | Identified the +3 chain mail of Riutynev {Drain rElec
                  | Str+5}
  5182 | D:5      | Noticed Grinder
  5212 | D:5      | Noticed Menkaure
  5230 | D:5      | Killed Menkaure
  5470 | D:5      | Reached XP level 8. HP: 56/56 MP: 9/19
  5901 | D:5      | Learned a level 5 spell: Agony
  6321 | D:6      | Reached skill level 1 in Polearms
  6832 | D:6      | Reached XP level 9. HP: 62/62 MP: 14/21
  6996 | D:6      | Noticed Eustachio
  7017 | D:6      | Killed Eustachio
  7094 | D:6      | Noticed Sigmund
  7202 | D:6      | Noticed Prince Ribbit
  7211 | D:6      | Killed Prince Ribbit
  7280 | D:6      | Killed Sigmund
  7281 | D:6      | Reached skill level 1 in Evocations
  7604 | D:6      | Noticed Blork the orc
  7624 | D:6      | Killed Blork the orc
  8218 | D:5      | Killed Grinder
  8433 | D:7      | Found a staircase to the Ecumenical Temple.
  8441 | Temple   | Entered the Ecumenical Temple
  8501 | Temple   | Became a worshipper of Ashenzari the Shackled
  8896 | D:7      | Found a hide-covered altar of Uskayaw.
  9351 | D:7      | Found a shadowy altar of Dithmenos.
  9358 | D:7      | Found a blossoming altar of Fedhas.
  9716 | D:8      | Reached XP level 10. HP: 58/70 MP: 9/22
 10294 | D:8      | Found Bas Joshra's Gadget Gallery.
 10564 | D:8      | Found a basalt altar of Yredelemnul.
 10827 | D:8      | Bought a box of beasts for 520 gold pieces
 10900 | D:8      | Found an opulent altar of Gozag.
 10903 | D:8      | Found a sparkling altar of Nemelex Xobeh.
 11069 | D:8      | Found a snail-covered altar of Cheibriados.
 11070 | D:8      | Found an ornate altar of the Wu Jian Council.
 11708 | D:9      | Reached * piety under Ashenzari
 12601 | D:9      | Identified Lugonu's Tome of the Compass
 13545 | D:10     | Entered Level 10 of the Dungeon
 13737 | D:10     | Noticed Joseph
 13850 | D:10     | Found a staircase to the Orcish Mines.
 13861 | D:10     | Reached skill level 5 in Stealth
 14209 | D:10     | Found a runed translucent door.
 14214 | D:10     | Noticed Zero's ghost (journeyman GrCj)
 14470 | D:10     | Reached skill level 5 in Polearms
 14967 | D:10     | Killed Joseph
 14968 | D:10     | Reached skill level 5 in Dodging
 15232 | D:10     | Reached XP level 11. HP: 78/78 MP: 23/23
 15356 | D:11     | Noticed Amaemon
 15653 | D:11     | Found a frozen archway.
 15778 | IceCv    | Entered an ice cave
 15822 | D:11     | Noticed a six-headed hydra
 16295 | D:11     | Noticed a four-headed hydra
 16302 | D:11     | Killed a four-headed hydra
 16448 | D:11     | Found a staircase to the Lair.
 16535 | Lair:1   | Entered Level 1 of the Lair of Beasts
 16653 | D:11     | Reached skill level 5 in Evocations
 17360 | D:11     | Reached skill level 5 in Fighting
 17720 | D:11     | Learned a level 3 spell: Dazzling Flash
 18036 | Lair:1   | Reached ** piety under Ashenzari
 19112 | Lair:1   | Reached skill level 1 in Shields
 19112 | Lair:1   | Reached skill level 1 in Conjurations
 19413 | D:11     | Noticed a centaur warrior
 19424 | D:11     | Killed a centaur warrior
 20870 | Lair:2   | Noticed a boulder beetle
 21147 | Lair:1   | Reached XP level 12. HP: 86/86 MP: 16/24
 21460 | Lair:2   | Found a staircase to the Snake Pit.
 21728 | Lair:2   | Noticed an eight-headed hydra
 22160 | Lair:2   | Killed an eight-headed hydra
 22662 | Lair:2   | Found a staircase to the Snake Pit.
 22894 | Lair:2   | Killed a boulder beetle
 23738 | D:11     | Identified the ring of Curiosity {rN+ MP+9 Str+3 Dex+3}
 23887 | Lair:3   | Found a dark tunnel.
 24103 | Lair:3   | Reached skill level 5 in Armour
 24581 | Lair:3   | Noticed a four-headed hydra
 24592 | Lair:3   | Killed a four-headed hydra
 24702 | Lair:3   | Noticed a six-headed hydra
 24713 | Lair:3   | Killed a six-headed hydra
 24921 | Lair:3   | Reached *** piety under Ashenzari
 25673 | Lair:4   | Found a staircase to the Shoals.
 26403 | Lair:4   | Reached skill level 10 in Necromancy
 26997 | Lair:5   | Noticed a death yak
 27109 | Lair:5   | Noticed a seven-headed hydra
 27154 | Lair:5   | Killed a seven-headed hydra
 27341 | Lair:5   | Noticed a death yak
 27343 | Lair:5   | Noticed a death yak
 27417 | Lair:5   | Identified the Handbook of Supportive Clay
 27517 | Lair:5   | Upgraded the game from 0.29-a0-200-gc7997b95f3 to
                  | 0.29-a0-210-g9445043ebc
 27664 | Lair:5   | Noticed a death yak
 27733 | Lair:5   | Found a staircase to the Slime Pits.
 27733 | Lair:5   | Found a viscous altar of Jiyva.
 27819 | Lair:5   | Gained mutation: You are in touch with the powers of death.
                  | [Mummy growth]
 27819 | Lair:5   | Reached XP level 13. HP: 98/98 MP: 18/28
 27996 | Lair:5   | Reached skill level 5 in Shields
 29116 | Lair:5   | Found a staircase to the Slime Pits.
 29118 | Lair:5   | Found a viscous altar of Jiyva.
 29987 | Lair:5   | Reached **** piety under Ashenzari
 29989 | Lair:6   | Entered Level 6 of the Lair of Beasts
 30914 | Lair:6   | Reached skill level 10 in Spellcasting
 33087 | Lair:6   | Found a snail-covered altar of Cheibriados.
 33904 | Lair:6   | Reached XP level 14. HP: 111/111 MP: 31/31
 35436 | Lair:6   | Identified a scroll of acquirement
 35456 | Lair:6   | Acquired Great Wizards, Vol. II
 35523 | Lair:6   | Learned a level 5 spell: Borgnjor's Vile Clutch
 35873 | Lair:6   | Reached skill level 1 in Earth Magic
 36548 | D:11     | Killed Amaemon
 36558 | D:11     | Learned a level 6 spell: Iron Shot
 36747 | D:1      | Bought a manual of Conjurations for 1120 gold pieces
 37105 | D:11     | Learned a level 5 spell: Excruciating Wounds
 37341 | D:11     | Upgraded the game from 0.29-a0-210-g9445043ebc to
                  | 0.29-a0-218-gf2abdc9806
 38899 | D:13     | Noticed Azrael
 38917 | D:13     | Killed Azrael
 39165 | D:13     | Found Kuliul's Distillery.
 39555 | D:13     | Found a corrupted altar of Lugonu.
 40056 | D:8      | Bought a condenser vane for 520 gold pieces
 40158 | D:14     | Reached skill level 5 in Conjurations
 40916 | D:14     | Found a gate to the Vaults.
 41114 | D:14     | Reached skill level 5 in Earth Magic
 41173 | D:14     | Reached XP level 15. HP: 115/115 MP: 31/31
 41810 | D:15     | Entered Level 15 of the Dungeon
 42032 | D:15     | Found an ornate altar of the Wu Jian Council.
 42161 | D:15     | Found a sparkling altar of Nemelex Xobeh.
 42640 | D:15     | Found a staircase to the Depths.
 43333 | Orc:1    | Entered Level 1 of the Orcish Mines
 43333 | Orc:1    | Noticed an orc warlord
 43487 | D:10     | Killed an orc warlord
 44136 | Orc:1    | Found Janiusm's Self-Improvement Boutique.
 44744 | Orc:1    | Found Xeutsul's Distillery.
 44894 | Orc:2    | Entered Level 2 of the Orcish Mines
 45052 | Orc:2    | Found a staircase to the Elven Halls.
 45234 | Orc:2    | Found Ufeneix's Antique Weapon Shop.
 45242 | Orc:2    | Reached ***** piety under Ashenzari
 45242 | Orc:2    | Noticed Saint Roka
 45242 | Orc:2    | Found Weimenus's Antique Armour Boutique.
 45619 | Orc:2    | Killed Saint Roka
 46035 | Orc:2    | Noticed Josephine
 46048 | Orc:2    | Killed Josephine
 46287 | Orc:2    | Noticed Rupert
 46303 | Orc:2    | Killed Rupert
 46477 | Orc:2    | Found Nuadific's Antique Weapon Shoppe.
 46562 | Orc:2    | Noticed Sonja
 46568 | Orc:2    | Killed Sonja
 46793 | Orc:2    | Found Povuhy's Assorted Antiques.
 46892 | Orc:2    | Bought a scroll of blinking for 270 gold pieces
 46937 | Orc:2    | Bought a pair of bloodstained gloves for 342 gold pieces
 46937 | Orc:2    | Identified the +0 pair of gloves "Zolig" {+Inv rElec Regen+
                  | Stlth+} (You bought it in a shop on level 2 of the Orcish
                  | Mines)
 46937 | Orc:2    | Bought a pitted turquoise ring for 180 gold pieces
 46937 | Orc:2    | Identified the ring "Viybba" {rPois rC- Int+6 Dex+8 Slay+6}
                  | (You bought it in a shop on level 2 of the Orcish Mines)
 47197 | D:3      | Identified Lugonu's Tome of the Compass
 47249 | D:3      | Killed Mictavius's ghost
 47646 | D:10     | Killed Zero's ghost
 47761 | Snake:1  | Entered Level 1 of the Snake Pit
 48243 | Snake:1  | Found Esaor's Antique Weapon Emporium.
 48275 | Snake:1  | Reached skill level 10 in Conjurations
 48913 | Snake:1  | Reached XP level 16. HP: 123/123 MP: 30/32
 49353 | Snake:2  | Noticed Frances
 49367 | Snake:2  | Killed Frances
 49708 | Snake:2  | Noticed Donald
 49716 | Snake:2  | Killed Donald
 49790 | Snake:2  | Noticed Nikola
 49806 | Snake:2  | Killed Nikola
 50058 | Snake:2  | Found a runed translucent door.
 50071 | Snake:2  | Noticed Zoites's ghost (adept NaFi)
 51423 | Snake:3  | Learned a level 7 spell: Orb of Destruction
 53087 | Snake:3  | Found a runed translucent door.
 53087 | Snake:3  | Found a shimmering altar of Xom.
 53087 | Snake:3  | Noticed Mandevil's ghost (adept DrHu)
 53088 | Snake:3  | Identified the +9 lajatang "Amour" {chaos, +Blink rCorr
                  | Int-4}
 53283 | Snake:4  | Entered Level 4 of the Snake Pit
 53493 | Snake:4  | Found a flickering gateway to a bazaar.
 53709 | Bazaar   | Entered a bazaar
 53739 | Bazaar   | Found Lieb's Assorted Antiques.
 53769 | Bazaar   | Found Sazuot's Magic Scroll Shoppe.
 53833 | Bazaar   | Found Ogusarphi's Magic Scroll Shoppe.
 53880 | Bazaar   | Found Qiadoc's Magic Scroll Boutique.
 54119 | Bazaar   | Bought a scroll of enchant armour for 75 gold pieces
 54169 | Bazaar   | Bought a scroll of enchant armour for 75 gold pieces
 54169 | Bazaar   | Bought a scroll of summoning for 95 gold pieces
 54169 | Bazaar   | Bought a scroll of teleportation for 30 gold pieces
 54169 | Bazaar   | Bought a scroll of teleportation for 30 gold pieces
 54169 | Bazaar   | Bought a scroll of teleportation for 30 gold pieces
 54199 | Bazaar   | Bought a scroll of teleportation for 36 gold pieces
 54686 | Snake:4  | Noticed Vashnia
 54876 | Snake:4  | Killed Vashnia
 54877 | Snake:4  | Reached skill level 10 in Earth Magic
 54958 | Snake:3  | Upgraded the game from 0.29-a0-218-gf2abdc9806 to
                  | 0.29-a0-221-gceb61267dd
 55642 | Snake:4  | Reached XP level 17. HP: 118/129 MP: 32/34
 56264 | Snake:4  | Noticed a quicksilver dragon
 56264 | Snake:4  | Noticed a quicksilver dragon
 56389 | Snake:4  | Killed a quicksilver dragon
 56909 | Snake:4  | Got a serpentine rune of Zot
 56977 | Snake:4  | Killed a quicksilver dragon
 58154 | Snake:2  | Killed Zoites's ghost
 58345 | Snake:3  | Killed Mandevil's ghost
 58562 | Shoals:1 | Entered Level 1 of the Shoals
 58732 | Shoals:1 | Identified the Almanac of Poisonous Black Arts
 59182 | Shoals:1 | Identified the +2 long sword of Beyond {vorpal, rPois
                  | Will+}
 59497 | Shoals:1 | Found Joownerph's Assorted Antiques.
 59780 | Shoals:1 | Found the +14 obsidian axe {vorpal, Mesm Drain Fly SInv}
 59918 | Shoals:1 | Noticed a titan
 59973 | Shoals:1 | Killed a titan
 63288 | Shoals:3 | Identified the +1 robe of the Kraken {Rampage Will++ Str-2}
 63294 | Shoals:3 | Identified the +0 leather armour "Irulo" {rC- Will+++
                  | Regen+ Str+2}
 63659 | Shoals:3 | Reached XP level 18. HP: 124/134 MP: 36/36
 63859 | Shoals:4 | Entered Level 4 of the Shoals
 63859 | Shoals:4 | Found the +3 salamander hide armour {Flames rF++ rC--}
 64257 | Shoals:4 | Identified the Handbook of Confrontation
 65341 | Shoals:4 | Identified the ring "Gune Leu" {MP+9 SInv}
 65942 | Shoals:4 | Identified the +0 shortbow "Idauxig" {freeze, rF+}
 66062 | Shoals:4 | Got a barnacled rune of Zot
 67719 | Elf:1    | Entered Level 1 of the Elven Halls
 67801 | Elf:1    | Found a radiant altar of Vehumet.
 68138 | Elf:1    | Paralysed by an air elemental for 1 turns
 68143 | Elf:1    | Paralysed by an air elemental for 1 turns
 68254 | Elf:1    | Reached skill level 10 in Shields
 68426 | Elf:1    | Paralysed by an air elemental for 1 turns
 68429 | Elf:1    | Paralysed by an air elemental for 1 turns
 68434 | Elf:1    | Paralysed by an air elemental for 1 turns
 68441 | Elf:1    | Paralysed by an air elemental for 1 turns
 68455 | Elf:1    | Paralysed by an air elemental for 1 turns
 68460 | Elf:1    | Paralysed by an air elemental for 1 turns
 68520 | Elf:1    | Paralysed by an air elemental for 1 turns
 68524 | Elf:1    | Paralysed by an air elemental for 1 turns
 68636 | Elf:1    | Identified the +5 whip "Siofore" {spect, rF+ MP+9}
 69201 | Elf:1    | Found a portal to a secret trove of treasure.
 69561 | Elf:2    | Found a shimmering altar of Xom.
 69771 | Elf:2    | Identified the Incunabulum of Anaesthesia
 69828 | Elf:2    | Learned a level 6 spell: Death Channel
 70084 | Elf:2    | Found a runed translucent door.
 70084 | Elf:2    | Noticed Ocaaf's ghost (adept DsIE)
 70084 | Elf:2    | Identified the Disquisition on Toxic Cold
 70125 | Elf:2    | Noticed Roxanne
 70134 | Elf:2    | Killed Roxanne
 70271 | Elf:2    | Reached XP level 19. HP: 143/143 MP: 33/38
 70380 | Elf:2    | Found a runed translucent gate.
 70381 | Elf:2    | Found a runed translucent gate.
 70381 | Elf:2    | Found a runed translucent gate.
 70532 | Elf:2    | Paralysed by an air elemental for 1 turns
 70746 | Elf:2    | Killed Ocaaf's ghost
 72024 | Elf:3    | Entered Level 3 of the Elven Halls
 72045 | Elf:3    | Found Cunn's Book Shop.
 72047 | Elf:3    | Found Mucvot's Antique Armour Shop.
 72285 | Elf:3    | Found Exkak's Weapon Shoppe.
 72374 | Elf:3    | Found Westide's Distillery.
 73589 | Elf:3    | Reached skill level 10 in Fighting
 74060 | Elf:2    | Learned a level 5 spell: Lee's Rapid Deconstruction
 74473 | Elf:3    | Identified the +5 battleaxe of Dust {pain, rF+ Str+2}
 74483 | Elf:3    | Paralysed by an air elemental for 1 turns
 74486 | Elf:3    | Paralysed by an air elemental for 1 turns
 74582 | Elf:3    | Identified the +4 ring mail "Doinkar" {Str-4 Int+5 Dex+5}
 74583 | Elf:3    | Identified the +4 dagger of Sownipn {elec, Int+4}
 74583 | Elf:3    | Identified the +7 falchion "Olecs" {antimagic, Contam rF++
                  | rN++}
 74593 | Elf:3    | Identified the +9 rapier of Interdependent Arising {freeze,
                  | rN+}
 74593 | Elf:3    | Identified the +1 buckler of Perpetual Drought {Str+8 SInv
                  | Stlth-}
 74593 | Elf:3    | Identified the ring "Lissien" {AC+4 Str+4}
 74779 | Elf:3    | Identified the +0 quarterstaff of the Demagogue {speed,
                  | rElec rCorr Int+6 SInv}
 74810 | Elf:3    | Identified the amulet of Recklessness {Faith Will+}
 74812 | Elf:3    | Identified the Collected Works on Weightlessness and
                  | Execration
 74812 | Elf:3    | Identified the +1 quarterstaff of Pirul {venom, Will+ Int-5
                  | SInv}
 74844 | Elf:3    | Identified the +8 whip of Havoc {speed, Fragile rCorr Str+7
                  | Int-2}
 74947 | Elf:3    | Identified the Incunabulum of Ensnaring Transmigration
 75173 | Elf:3    | Bought a pair of runed boots for 225 gold pieces
 75449 | D:1      | Bought a book of the Moon for 560 gold pieces
 75449 | D:1      | Upgraded the game from 0.29-a0-221-gceb61267dd to
                  | 0.29-a0-222-g5b244fca1f
 75670 | Vaults:1 | Entered Level 1 of the Vaults
 75991 | Vaults:1 | Found Agoghibb's Weapon Shop.
 75999 | Vaults:1 | Reached skill level 15 in Spellcasting
 76162 | Vaults:1 | Reached XP level 20. HP: 154/154 MP: 27/40
 76407 | Vaults:1 | Identified the +1 helmet "Niul" {rPois Str+9 Stlth+}
 76425 | Vaults:1 | Paralysed by a sphinx for 6 turns
 78672 | D:1      | Bought Asmodeus's Compendium of Supportive Arcane Weapons
                  | for 644 gold pieces
 79940 | Vaults:2 | Learned a level 9 spell: Dragon's Call
 80085 | Vaults:2 | Found a staircase to the Crypt.
 80097 | Vaults:2 | Reached skill level 1 in Summonings
 80217 | Vaults:2 | Reached skill level 2 in Summonings
 80297 | Vaults:2 | Identified the +4 ring mail of a Labyrinth {Str+4 SInv
                  | Stlth+}
 80590 | Vaults:2 | Reached skill level 3 in Summonings
 81617 | Vaults:2 | Reached skill level 4 in Summonings
 82282 | Vaults:2 | Found a staircase to the Crypt.
 83178 | Vaults:3 | Reached skill level 5 in Summonings
 83178 | Vaults:3 | Reached XP level 21. HP: 162/162 MP: 36/44
 83186 | Vaults:3 | Learned a level 7 spell: Spellforged Servitor
 84825 | Vaults:4 | Reached skill level 6 in Summonings
 85704 | Vaults:4 | Found the +9 heavy crossbow "Sniper" {vorpal, Acc+∞ SInv}
 85706 | Vaults:4 | Identified the Catalogue of the Blaze and Illusion
 85779 | Vaults:4 | Reached skill level 7 in Summonings
 85797 | Vaults:4 | Noticed Mennas
 86280 | Vaults:4 | Identified the +2 leather armour of Repulsion {Contam Str+6
                  | Slay+3}
 86294 | Vaults:4 | Noticed Frederick
 86433 | Vaults:4 | Killed Frederick
 87032 | Vaults:4 | Found a transporter.
 87059 | Vaults:4 | Noticed a golden dragon
 87062 | Vaults:4 | Identified the ring "Yrphanias" {EV+4 Int+5 Stlth+}
 87082 | Vaults:4 | Identified the ring "Tuop" {Fly Dex+3 Stlth+}
 87083 | Vaults:4 | Noticed Itutiusk's ghost (adept VSFi)
 87270 | Vaults:4 | Found a transporter.
 87747 | Vaults:3 | Learned a level 8 spell: Lehudib's Crystal Spear
 87999 | Depths:1 | Entered Level 1 of the Depths
 88098 | Depths:1 | Upgraded the game from 0.29-a0-222-g5b244fca1f to
                  | 0.29-a0-231-g945431f764
 88130 | Depths:1 | Found a hide-covered altar of Uskayaw.
 88158 | Depths:1 | Reached skill level 8 in Summonings
 88779 | Depths:1 | Found a runed translucent gate.
 88779 | Depths:1 | Found a runed translucent gate.
 88779 | Depths:1 | Found a runed translucent gate.
 88779 | Depths:1 | Noticed Elaxoek's ghost (legendary DjFE)
 89216 | Depths:1 | Found a gateway to Hell.
 89983 | Depths:1 | Noticed Nigaic's ghost (veteran VSFi)
 89985 | Depths:1 | Identified the -3 pair of boots of Baonnuwn {rPois rF+}
 89985 | Depths:1 | Identified the +6 glaive "Hunuahe" {flame, Int+4}
 90231 | Depths:2 | Noticed the Enchantress
 90405 | Depths:1 | Found a runed translucent gate.
 90405 | Depths:1 | Found a runed translucent gate.
 90405 | Depths:1 | Found a runed translucent gate.
 90421 | Depths:1 | Found a hide-covered altar of Uskayaw.
 91083 | Depths:1 | Found a gateway to Hell.
 91425 | Depths:2 | Reached skill level 9 in Summonings
 91432 | Depths:2 | Noticed a caustic shrike
 91453 | Depths:2 | Killed a caustic shrike
 91591 | Depths:2 | Noticed a caustic shrike
 91601 | Depths:2 | Killed a caustic shrike
 91661 | Depths:2 | Noticed a golden dragon
 91687 | Depths:2 | Killed a golden dragon
 91748 | Depths:2 | Reached XP level 22. HP: 142/169 MP: 46/46
 92171 | Depths:2 | Identified the ring of Ashenzari's Supremacy {rF+ Will+}
 92172 | Depths:2 | Identified the +1 hunting sling of Disorder {speed, rElec
                  | Str+3}
 92174 | Depths:2 | Identified the ring "Zeunemit" {Int+5 Dex+6}
 92593 | Depths:2 | Noticed a golden dragon
 92869 | Depths:2 | Found a one-way gate leading to the halls of Pandemonium.
 93345 | Depths:2 | Killed the Enchantress
 94759 | Depths:2 | Killed a golden dragon
 94760 | Depths:2 | Reached skill level 10 in Summonings
 95876 | Depths:3 | Found the +8 Vampire's Tooth {vamp}
 96087 | Depths:3 | Paralysed by a great orb of eyes for 5 turns
 96526 | Depths:3 | Noticed a golden dragon
 96535 | Depths:3 | Killed a golden dragon
 96620 | Depths:3 | Noticed Jory
 96630 | Depths:3 | Killed Jory
 97556 | Depths:3 | Noticed Vv
 97563 | Depths:3 | Killed Vv
 98111 | Depths:3 | Found a burning altar of Makhleb.
 98115 | Depths:3 | Identified the +3 hand crossbow of Contradiction {vorpal,
                  | rC+ rN+ Int+3 Dex+4}
 98117 | Depths:3 | Identified the +4 mace "Ockin" {distort, Fragile Will+
                  | SInv}
 98124 | Depths:3 | Identified the +1 scale mail of Resonant the Good {+Blink
                  | rPois rC- rN+}
 98170 | Depths:3 | Reached skill level 11 in Summonings
 98664 | Depths:4 | Entered Level 4 of the Depths
 98669 | Depths:4 | Noticed a golden dragon
 98818 | Depths:4 | Found a one-way gateway to a ziggurat.
 98999 | Depths:3 | Reached XP level 23. HP: 150/183 MP: 25/47
 99691 | Depths:4 | Found Fuur's Magic Scroll Shop.
 99886 | Depths:4 | Found Neffam's Armour Shop.
 99890 | Depths:4 | Bought a scroll of teleportation for 60 gold pieces
 99890 | Depths:4 | Bought a scroll of blinking for 150 gold pieces
100432 | Depths:4 | Found a gate to the Realm of Zot.
101454 | Slime:1  | Entered Level 1 of the Pits of Slime
101490 | Lair:5   | HP: 8/185 [acid blob/splash of acid (36)]
103503 | Slime:2  | Reached skill level 12 in Summonings
103998 | Slime:3  | Reached skill level 15 in Fighting
104078 | Slime:3  | Found a viscous altar of Jiyva.
104281 | Slime:3  | Reached skill level 15 in Earth Magic
105963 | Slime:5  | Entered Level 5 of the Pits of Slime
107815 | Slime:5  | Noticed the Royal Jelly
108842 | Slime:5  | Found a viscous altar of Jiyva.
108853 | Slime:5  | Identified the +7 chain mail of Articulation {rN+}
108853 | Slime:5  | Identified the +2 robe "Xexeanul" {*Slow rElec rN+ Int+4}
108858 | Slime:5  | Reached skill level 13 in Summonings
109334 | Slime:5  | Killed the Royal Jelly
109877 | Slime:5  | Got a slimy rune of Zot
109884 | Slime:5  | Learned a level 2 spell: Blink
109948 | Slime:5  | Identified the +1 hunting sling "Renkoll" {vorpal, Int+4}
111119 | Depths:1 | Killed Nigaic's ghost
111124 | Depths:1 | Killed Elaxoek's ghost
111359 | Zot:1    | Entered Level 1 of the Realm of Zot
112123 | Zot:1    | Reached skill level 14 in Summonings
112929 | Zot:1    | Reached XP level 24. HP: 195/195 MP: 28/47
113978 | Zot:1    | Reached skill level 15 in Summonings
116884 | Zot:3    | Reached skill level 16 in Summonings
118041 | Zot:3    | Found the +8 mithril axe "Arga" {speed, Will+}
118144 | Zot:3    | Noticed a Killer Klown
118162 | Zot:3    | Killed a Killer Klown
118384 | Zot:3    | Noticed a Killer Klown
118524 | Zot:3    | Killed a Killer Klown
119263 | Zot:4    | Reached skill level 10 in Armour
119676 | Zot:4    | Reached skill level 17 in Summonings
121210 | Zot:4    | Noticed a dread lich
121222 | Zot:4    | Killed a dread lich
121446 | Zot:4    | Noticed a Killer Klown
121460 | Zot:4    | Killed a Killer Klown
121835 | Zot:4    | Reached XP level 25. HP: 169/201 MP: 38/47
122049 | Zot:4    | Identified the Papyrus of Shifting Stones
122122 | Zot:5    | Entered Level 5 of the Realm of Zot
122507 | Zot:5    | Reached skill level 18 in Summonings
123903 | Zot:5    | Noticed an ancient lich
123903 | Zot:5    | Noticed a dread lich
123917 | Zot:5    | Killed an ancient lich
124018 | Zot:5    | Noticed a dread lich
124038 | Zot:5    | Killed a dread lich
124087 | Zot:5    | Identified Agho's Compendium of Fetching Stones
124088 | Zot:5    | Noticed an orb of fire
124088 | Zot:5    | Noticed an orb of fire
124100 | Zot:5    | Killed an orb of fire
124101 | Zot:5    | Reached skill level 19 in Summonings
124103 | Zot:5    | Noticed an orb of fire
124107 | Zot:5    | Noticed an orb of fire
124112 | Zot:5    | Killed an orb of fire
124256 | Zot:5    | Noticed a Killer Klown
124278 | Zot:5    | Killed a Killer Klown
124654 | Zot:5    | Killed an orb of fire
124846 | Zot:5    | Killed an orb of fire
125083 | Zot:5    | Killed a dread lich
125277 | Zot:5    | Noticed a Killer Klown
125286 | Zot:5    | a Killer Klown changed into a titan
125289 | Zot:5    | Reached skill level 20 in Summonings
126093 | Vaults:4 | Killed Mennas
126629 | Vaults:5 | Entered Level 5 of the Vaults
127260 | Vaults:5 | Identified the +7 plate armour "Rasek" {Regen+}
127288 | Vaults:5 | Reached skill level 21 in Summonings
127520 | Vaults:5 | Noticed a dread lich
127529 | Vaults:5 | Killed a dread lich
127530 | Vaults:5 | Reached XP level 26. HP: 171/208 MP: 24/47
128196 | Vaults:5 | Found Piqah's Antique Armour Shoppe.
128341 | Vaults:5 | Got a silver rune of Zot
128568 | Vaults:5 | Noticed a dread lich
128929 | Vaults:5 | Identified the +0 plate armour "Iluis" {rC+ Dex+8 Slay-4}
128951 | Vaults:5 | Identified the +4 great mace of Tocair {spect, *Noise rCorr
                  | Str+3}
128951 | Vaults:5 | Identified the ring "Jaoliar" {Drain rF+ Will- Str+5
                  | Slay+2}
128971 | Vaults:5 | Killed a dread lich
129277 | Vaults:5 | Identified the ring "Wadem" {Int+3 Dex+6}
129369 | Vaults:5 | Noticed Sojobo
129382 | Vaults:5 | Paralysed by an air elemental for 1 turns
129385 | Vaults:5 | Killed Sojobo
129887 | Vaults:5 | Identified Zoptal's Reference Book on Earth and Sinister
                  | Rituals
129888 | Vaults:5 | Identified the Papyrus of Fiery Contamination
129888 | Vaults:5 | Identified Wecvukic's Guide on Ghastly Cold
129919 | Vaults:5 | Learned a level 8 spell: Infestation
130516 | Depths:2 | Acquired the ring "Keori" {rC+ Will+ MP+9 Dex-5}
130519 | Depths:2 | Voluntarily entered the Abyss.
130658 | Abyss:3  | Found a corrupted altar of Lugonu.
130672 | Abyss:4  | Found a corrupted altar of Lugonu.
130685 | Abyss:4  | Found a corrupted altar of Lugonu.
130693 | Abyss:4  | Found a corrupted altar of Lugonu.
130729 | Abyss:4  | Identified the +3 plate armour of Fun and Games {Dex+4}
130730 | Abyss:4  | Found a transporter.
130731 | Abyss:4  | Identified the amulet "Doep" {Spirit rElec rC+}
130732 | Abyss:4  | Found a corrupted altar of Lugonu.
130752 | Abyss:4  | Found a transporter.
130824 | Abyss:4  | Found a corrupted altar of Lugonu.
130960 | Depths:2 | Escaped the Abyss
131067 | Depths:2 | Voluntarily entered the Abyss.
131074 | Abyss:1  | Found a shimmering blue altar of Sif Muna.
131075 | Abyss:1  | Identified the Almanac of Dark Rites
131076 | Abyss:1  | Identified Odwoavvi's Papyrus of Transformation
131090 | Abyss:1  | Identified Wisesu's Volume of Shape Shifting
131091 | Abyss:1  | Identified the Papyrus of Flight
131091 | Abyss:1  | Identified the Guide on Beguiling
131107 | Abyss:1  | Identified the Grimoire of the Arsonist
131120 | Abyss:1  | Found a shimmering blue altar of Sif Muna.
131133 | Abyss:1  | Identified Ezi Seps's Grimoire of Evil
131207 | Abyss:1  | Found a shimmering blue altar of Sif Muna.
131270 | Abyss:1  | Found a shimmering blue altar of Sif Muna.
131296 | Abyss:1  | Identified Tihoqi's Disquisition on Battle Magic
131358 | Abyss:3  | Found a corrupted altar of Lugonu.
131387 | Abyss:3  | Found a corrupted altar of Lugonu.
131666 | Depths:2 | Escaped the Abyss
131676 | Depths:2 | Voluntarily entered the Abyss.
131802 | Abyss:3  | Found a corrupted altar of Lugonu.
131851 | Abyss:3  | Noticed a dread lich
131871 | Abyss:4  | Found a corrupted altar of Lugonu.
131919 | Abyss:4  | Found a corrupted altar of Lugonu.
132103 | Abyss:4  | Found a corrupted altar of Lugonu.
132317 | Depths:2 | Escaped the Abyss
132600 | Zot:5    | Noticed an orb of fire
132604 | Zot:5    | Killed an orb of fire
132605 | Zot:5    | Noticed an orb of fire
132605 | Zot:5    | Noticed an orb of fire
132609 | Zot:5    | Reached skill level 22 in Summonings
132848 | Zot:5    | Killed an orb of fire
132865 | Zot:5    | Killed an orb of fire
134469 | Vaults:4 | Reached skill level 15 in Necromancy
134483 | Vaults:4 | Killed Itutiusk's ghost
135310 | Depths:2 | Voluntarily entered the Abyss.
135467 | Abyss:2  | Found a corrupted altar of Lugonu.
135494 | Abyss:2  | Upgraded the game from 0.29-a0-231-g945431f764 to
                  | 0.29-a0-234-g0dae59b3db
135833 | Depths:2 | Escaped the Abyss
136165 | Shoals:1 | Bought a scroll of teleportation for 66 gold pieces
136467 | D:1      | Bought a manual of Polearms for 1120 gold pieces
136529 | D:3      | Voluntarily entered the Abyss.
136774 | Abyss:3  | Found an ancient bone altar of Kikubaaqudgha.
136797 | Abyss:3  | Found a corrupted altar of Lugonu.
136913 | Abyss:3  | Found a corrupted altar of Lugonu.
136915 | Abyss:3  | Found a corrupted altar of Lugonu.
137124 | D:3      | Escaped the Abyss
137364 | Elf:1    | You paid a toll of +2 shadow dragon scales to enter a
                  | treasure trove
137365 | Trove    | Entered a treasure trove
137368 | Trove    | Found the +3 Mad Mage's Maulers {Infuse+∞ RegenMP Int-3}
137368 | Trove    | Identified the -3 kite shield of Nemelex Xobeh's Wrath
                  | {rF+}
137368 | Trove    | Identified the +0 helmet of the Volcano {Dex+2}
137369 | Trove    | Identified the +1 pair of gloves of the Lich-sworn {rF+}
137370 | Trove    | Identified the +0 pair of gloves of a bazaar {Str+2}
137370 | Trove    | Identified the +1 pair of boots of the Three of Cups {rF+}
137370 | Trove    | Identified the +1 robe of the Shrike {MP+9 Int+2 Slay+3}
137730 | D:3      | Voluntarily entered the Abyss.
138027 | Abyss:4  | Found a corrupted altar of Lugonu.
138550 | Abyss:4  | Found a basalt altar of Yredelemnul.
138582 | Abyss:4  | Found an ornate altar of the Wu Jian Council.
138697 | D:3      | Escaped the Abyss
138712 | D:3      | Voluntarily entered the Abyss.
138719 | D:3      | Escaped the Abyss
138721 | D:3      | Voluntarily entered the Abyss.
138775 | Abyss:2  | Found a corrupted altar of Lugonu.
139069 | Abyss:4  | Paralysed by you for 4 turns
139084 | Abyss:4  | Paralysed by accursed screaming for 2 turns
139553 | Abyss:4  | Paralysed by accursed screaming for 1 turns
139612 | D:3      | Escaped the Abyss
140034 | Hell     | Entered the Vestibule of Hell
140036 | Hell     | Noticed Geryon
140042 | Hell     | Killed Geryon
140696 | Hell     | Noticed Murray
140933 | Depths:1 | Killed Murray
141500 | Hell     | Reached XP level 27. HP: 211/219 MP: 32/47
141727 | Hell     | Found a gateway to the ashen valley of Gehenna.
141900 | Hell     | Found a gateway to the decaying netherworld of Tartarus.
142106 | Hell     | Found a gateway to the freezing wastes of Cocytus.
142186 | Hell     | Found a gateway to the Iron City of Dis.
142790 | Geh:1    | Entered Level 1 of Gehenna
142859 | Geh:2    | Noticed a dread lich
142958 | Geh:2    | Killed a dread lich
144318 | Tar:1    | Entered Level 1 of Tartarus
145283 | Depths:3 | Voluntarily entered the Abyss.
145295 | Depths:3 | Escaped the Abyss
145400 | Depths:3 | Voluntarily entered the Abyss.
145553 | Abyss:3  | Paralysed by you for 7 turns
145770 | Abyss:5  | Entered Level 5 of the Abyss
145858 | Depths:3 | Escaped the Abyss
145900 | Depths:3 | Voluntarily entered the Abyss.
145957 | Abyss:1  | Found a corrupted altar of Lugonu.
146029 | Abyss:3  | Found a corrupted altar of Lugonu.
146563 | Depths:3 | Escaped the Abyss
146788 | Dis:1    | Entered Level 1 of the Iron City of Dis
146877 | Dis:1    | Reached skill level 10 in Polearms
147328 | Dis:1    | HP: 6/219 [caustic shrike (17)]
148343 | Pan      | Entered Pandemonium
148403 | Pan      | Noticed Arghughi the pandemonium lord
148414 | Pan      | Killed Arghughi the pandemonium lord
148424 | Pan      | Reached skill level 23 in Summonings
148798 | Pan      | Found an exit through the horrors of the Abyss.
149312 | Pan      | Identified the +6 bardiche of Qevongy {holy, rF+ Str+2
                  | Dex+2 SInv}
151582 | Pan      | Noticed Baxzah the pandemonium lord
151588 | Pan      | Reached skill level 15 in Conjurations
151616 | Pan      | Killed Baxzah the pandemonium lord
151813 | Pan      | Learned a level 7 spell: Orb of Destruction
153911 | Pan      | Identified the ring "Dubucvaw" {AC+4 Int+4 Dex+4}
154610 | Pan      | Noticed Rutupishat the pandemonium lord
154622 | Pan      | Killed Rutupishat the pandemonium lord
155226 | Pan      | Identified the Grimoire of Hurtful Poison
155925 | Pan      | Reached skill level 10 in Dodging
156453 | Pan      | Identified the +5 hunting sling "Toton" {venom, +Blink
                  | Dex+2}
156662 | Pan      | Noticed Mymp the pandemonium lord
156677 | Pan      | Killed Mymp the pandemonium lord
157215 | Pan      | Got a demonic rune of Zot
157809 | Pan      | Identified the +0 plate armour of Caovom {rF++ rC+ Int+2}
158384 | Depths:2 | Escaped Pandemonium
158475 | Depths:2 | Voluntarily entered the Abyss.
158475 | Abyss:1  | Noticed an ancient lich
158481 | Abyss:1  | Killed an ancient lich
158482 | Abyss:1  | Noticed an ancient lich
158494 | Abyss:1  | Killed an ancient lich
158499 | Depths:2 | Escaped the Abyss
158644 | Depths:2 | Voluntarily entered the Abyss.
158712 | Abyss:3  | Found a corrupted altar of Lugonu.
158921 | Abyss:3  | Found a hazy altar of Hepliaklqana.
159075 | Abyss:4  | Found a corrupted altar of Lugonu.
159256 | Depths:2 | Escaped the Abyss
159373 | Depths:2 | Voluntarily entered the Abyss.
159412 | Depths:2 | Escaped the Abyss
159437 | Depths:2 | Voluntarily entered the Abyss.
159455 | Abyss:2  | Found a corrupted altar of Lugonu.
159473 | Abyss:3  | Found a corrupted altar of Lugonu.
159555 | Abyss:3  | Found a corrupted altar of Lugonu.
159950 | Abyss:4  | Found a corrupted altar of Lugonu.
160153 | Abyss:4  | Found a basalt altar of Yredelemnul.
160189 | Abyss:5  | Entered Level 5 of the Abyss
160189 | Abyss:5  | Found a corrupted altar of Lugonu.
160380 | Depths:2 | Escaped the Abyss
160432 | Depths:2 | Upgraded the game from 0.29-a0-234-g0dae59b3db to
                  | 0.29-a0-241-g20d21d4356
160435 | Depths:2 | Voluntarily entered the Abyss.
160451 | Abyss:1  | Paralysed by accursed screaming for 1 turns
160459 | Depths:2 | Escaped the Abyss
160567 | Depths:2 | Voluntarily entered the Abyss.
160767 | Depths:2 | Escaped the Abyss
160774 | Depths:2 | Voluntarily entered the Abyss.
161143 | Abyss:3  | Found a corrupted altar of Lugonu.
161150 | Abyss:4  | Found a corrupted altar of Lugonu.
161452 | Abyss:4  | Paralysed by an air elemental for 1 turns
161508 | Depths:2 | Escaped the Abyss
161558 | Pan      | Entered Pandemonium
162271 | Pan      | Identified the +2 hand axe "Gufahoq" {drain, rF+ Dex-3
                  | Stlth+}
162292 | Pan      | HP: 7/219 [balrug/divine providence (11)]
162293 | Pan      | Killed from afar by a smoke demon

Illustrated notes

Levels and vault maps discovered:
D:1:      beargit_arrival_greenhouse, layout_loops_ring, serial_shops,
          shop_coins
D:2:      layout_loops_ring, nicolae_ecumenical_lake_church, basic_altar,
          st_stairs_14, kennysheep_another_room, supply_closet_lemuel,
          chequers_garden, moated_statue, minmay_unequal, uniq_robin
D:3:      layout_rooms, gammafunk_ghost_abyssal_escape
D:4:      layout_rooms
D:5:      layout_rooms, minmay_puff, uniq_grinder, uniq_menkaure
D:6:      layout_layer_cave, uniq_sigmund, uniq_blork_the_orc, uniq_eustachio,
          uniq_prince_ribbit1
D:7:      layout_basic, mainiacjoe_overflow_boulevard,
          mainiacjoe_overflow_big_doors, temple_green, nicolae_benzene_ring
D:8:      layout_loops_corners, grunt_temple_overflow_opulence,
          gammafunk_temple_overflow_statue, mainiacjoe_overflow_paths,
          nicolae_shop_gadgets
D:9:      layout_layer_cave, st_stairs_8
D:10:     layout_roguey, minmay_orc_entry_guard_dogs, gammafunk_ghost_grave,
          uniq_joseph
D:11:     layout_irregular_city, grunt_lair_entry_orc_guard_hut,
          portal_ice_cave_entry_ice_simulacra, uniq_amaemon
D:12:     layout_loops_ring
D:13:     kennysheep_kobold_lugonu_temple, layout_layer_cave, serial_shops,
          kennysheep_little_box, uniq_azrael
D:14:     layout_stronghold, lightli_vaults_fourway_checkpoint
D:15:     grunt_enter_depths_hoard, layout_basic, nemelex_altar_shiori,
          nicolae_wu_jian_wuxing_cycle
Temple:   zaba_magenta_temple
Lair:1:   beast_lair_carwin_large_1, layout_chaotic_city,
          grunt_forest_large_clearings
Lair:2:   layout_cave_shapes, guppyfry_snake_entry_garden, serial_bayou_shore_b,
          grunt_megastairs_1
Lair:3:   layout_regular_city, enter_volcano_2
Lair:4:   layout_cave_pods, shoals_dummy_entry, worms_lemuel
Lair:5:   layout_regular_city, slime_altar_1, nzn_sisyphean_effort,
          lemuel_fruit_fields, infiniplex_staircase_pool, grunt_megastairs_5
Lair:6:   hangedman_lair_in_review, layout_long_grid, guppyfry_lair_end_dragon,
          chequers_serial_rivers_room_a, kennysheep_snail_temple
Shoals:1: cheibrodos_shoals_gigantism, layout_shoals, serial_shops,
          nicolae_shop_crystal
Shoals:2: layout_shoals, nicolae_shoals_flooded_hall
Shoals:3: layout_shoals, st_sunken_huts
Shoals:4: shoals_end_grunt_ice, layout_shoals
Snake:1:  layout_grid_maze, serial_shops, shop
Snake:2:  layout_chambers, hellmonk_ghost_happy_afterlife, uniq_nikola,
          uniq_donald, uniq_frances
Snake:3:  layout_onion_interference, ebering_ghost_xom
Snake:4:  hellmonk_snake_rune_quicksilver_temple, layout_chambers, serial_shops,
          bzr_firewalk, uniq_vashnia
Slime:1:  layout_caves
Slime:2:  layout_caves
Slime:3:  layout_caves, basic_altar
Slime:4:  layout_caves
Slime:5
Orc:1:    layout_caves, basic_altar, serial_shops, nicolae_shop_statue_plus,
          nicolae_shop_self_help
Orc:2:    grunt_orc_community_town_hall, layout_caves,
          grunt_orc_community_big_house_2, grunt_orc_community_big_house_2,
          grunt_orc_community_house_3, grunt_orc_community_house_2,
          grunt_orc_community_house_2, grunt_orc_community_house_1,
          grunt_orc_community_house_2, uniq_josephine, uniq_rupert, uniq_sonja
Elf:1:    eino_elf_arrival_altar, layout_loops_cross, enter_trove_6,
          hangedman_elf_disciples
Elf:2:    nicolae_elf_blades_crystal_corner, layout_loops_corners, basic_altar,
          ebering_ghost_reflecting_pool, uniq_roxanne
Elf:3:    elf_hall, layout_geoelf_diagonals, serial_shops,
          nicolae_shop_overgrown_old_shop,
          nicolae_shop_temple_entry_statues_fountains,
          nicolae_shop_temple_entry_statues_fountains, nicolae_shop_trees
Vaults:1: vaults_room_ringed_pool, nicolae_vaults_inception_corners,
          vaults_dpeg_diagonal, v_rooms_2, grunt_vaults_focal,
          vaults_mumra_minichess, hangedman_vaults_cutoff, vaults_room_octagon,
          vaults_room_fancy_cross, vaults_mumra_chevron,
          dpeg_vaults_monster_box, vaults_dpeg_ring, layout_vaults_omnibox
Vaults:2: grunt_vaults_hallway_long, hangedman_vaults_cutoff, vaults_room_fours,
          nicolae_vaults_hallways_thing, minmay_crypt_entry_simple_corners,
          vaults_mumra_lcd, v_misc_2, v_alt_pattern_4,
          hangedman_vaults_restitches, nicolae_vaults_border_crossing,
          vaults_room_hallway, vaults_dpeg_hooks, layout_vaults_omnicross
Vaults:3: v_misc_26, nicolae_vaults_gold_heap, hangedman_vaults_pinch, v_misc_3,
          grunt_vaults_hallway_long, v_pattern_2, v_misc_30, v_misc_10,
          nicolae_vaults_quadrants, vaults_room_large_hall,
          ontoclasm_vaults_tryst, v_misc_16, nicolae_vaults_little_squares_3,
          vaults_room_hallway, layout_vaults_maze_snakey
Vaults:4: nzn_ghost_randoct, nicolae_vaults_network_s, serial_ice_m,
          minmay_guarded_unrand_secular_launcher, nicolae_vaults_angled_halls,
          hangedman_vaults_slice, ontoclasm_vaults_bender, v_alt_pattern_6,
          vaults_room_stairs_pillars, layout_vaults_chaotic_city,
          uniq_frederick, uniq_mennas
Vaults:5: serial_shops, uniq_sojobo
Depths:1: layout_gridville, gammafunk_ghost_cemetery, grunt_hell_horde,
          ebering_dispersal_statue_hall, eat_drink_and_be_merry_uskayaw,
          serial_bayou_shore_a, hangedman_decor_cross_pass, serial_bayou_shore_b
Depths:2: minmay_the_grid_triangle_9x9_rhombus_thin
          [minmay_the_grid_triangle_9x9_intruding_spiral,
          minmay_the_grid_triangle_9x9_prize_insulated,
          minmay_the_grid_triangle_9x9_descending_squares,
          minmay_the_grid_triangle_9x9_sprig], layout_basic,
          grunt_hell_entry_dis_old, abyss_entry, grunt_pan_entry_zigzag,
          minmay_misc_feat_doors, grunt_tough_drop, infiniplex_staircase_pool_2,
          uniq_enchantress
Depths:3: evilmike_makhleb_hellhole, layout_long_grid, pf_hell_entry_tar_spiral,
          hangedman_decor_slide_cut, abyss_entry_glasseish,
          minmay_guarded_unrand_vampires_tooth,
          infiniplex_staircase_split_hallway, serial_bayou_shore_b,
          firewood_loft, uniq_jory, uniq_vv
Depths:4: evilmike_zot_entry_basic, layout_cave_pools, enter_ziggurat_a,
          hell_entry, abyss_entry, nrook_campfire, minmay_shop_star
Hell
Dis:1:    nicolae_dis_hell_towers
Dis:2:    layout_regular_city, glass_columns_b
Geh:1:    layout_gehenna_lava_caves
Geh:2:    layout_gehenna_pools_basic, lemuel_hellish_altar
Geh:3:    layout_gehenna_pools_basic
Geh:4:    layout_gehenna_pools_triple, nicolae_geh_fourpack
Geh:5:    layout_gehenna_lava_caves
Geh:6:    layout_gehenna_pools_box
Tar:1:    layout_grid_maze
Tar:2:    layout_grid_maze
Tar:3:    layout_cathedral_of_symmetry
Zot:1:    layout_gridlike
Zot:2:    layout_gridlike, grunt_ministairs_2
Zot:3:    grunt_zot_stairs_faceoff, layout_basic
Zot:4:    layout_twisted_circle, hangedman_player_shredder
Zot:5:    layout_gridlike
Pan:      evilmike_mini_pan_corridor, layout_stronghold,
          evilmike_mini_pan_pillars_b, layout_small_grid, pan_captured_pigsty,
          nicolae_pan_lom_lobonic_3, evilmike_mini_pan_pillars,
          layout_onion_city, pan_blood_fountain, grunt_pan_zigzag,
          layout_gridlike, lemuel_hall_of_pain, layout_chambers,
          pan_blood_fountain_small, nicolae_pan_sigil_eeng,
          reaverb_pan_figure_eight, pan_surprise, evilmike_mini_pan_pillars,
          layout_onion_city, pan_blood_fountain_small, nicolae_pan_sigil_itan

Skill      XL: |  1  2  3  4  5  6  7  8  9 10 11 12 13 14 15 16 17 18 19 20 21 22 23 24 25 26 27 |
---------------+----------------------------------------------------------------------------------+-----
Spellcasting   | 3 4 5 6 7 8 9 10 12 13 15 17 19 21 | 21.8
Fighting       | 1 2 3 4 5 6 7 9 10 11 14 15 16 | 16.7
Armour         | 1 2 3 4 5 6 8 9 10 11 | 11.7
Necromancy     | 5 6 7 8 9 10 11 12 13 16 19 | 19.9
Stealth        | 3 4 5 6 7 9 |  9.5
Dodging        | 3 4 5 6 8 10 | 10.4
Polearms       | 1 3 5 6 7 8 13 | 13.3
Evocations     | 2 4 5 6 7 |  7.3
Shields        | 2 4 6 7 8 9 10 11 12 | 12.9
Conjurations   | 1 5 10 12 13 14 15 | 15.7
Earth Magic    | 5 8 10 11 12 13 14 15 | 15.8
Summonings     | 5 9 11 14 17 21 22 23 | 23.6

Action                   |  1- 3 |  4- 6 |  7- 9 | 10-12 | 13-15 | 16-18 | 19-21 | 22-24 | 25-27 || total
-------------------------+-------+-------+-------+-------+-------+-------+-------+-------+-------++-------
Melee: Unarmed           |     2 |       |       |       |       |       |       |       |       ||     2
       Short sword       |    22 |       |       |       |       |       |       |       |       ||    22
       Dagger            |    12 |   148 |       |       |       |     4 |       |       |    35 ||   199
       Punch             |       |     1 |     3 |     4 |       |       |       |       |       ||     8
       Trident           |       |       |   247 |   719 |   866 |    79 |       |       |       ||  1911
       Staff             |       |       |       |       |   324 |   319 |   139 |    33 |   280 ||  1095
       Demon trident     |       |       |       |       |       |   396 |   409 |   131 |  2555 ||  3491
       Whip              |       |       |       |       |       |       |       |    26 |       ||    26
Throw: Javelin           |       |       |    12 |     4 |       |       |       |       |       ||    16
       Dart              |       |       |       |    46 |    52 |       |       |     3 |     1 ||   102
 Cast: Pain              |    68 |    56 |     8 |     4 |       |     2 |       |       |       ||   138
       Animate Skeleton  |     2 |    10 |       |     1 |       |     1 |       |       |       ||    14
       Vampiric Draining |     1 |    15 |    68 |   197 |   133 |    15 |    26 |       |       ||   455
       Animate Dead      |       |       |     8 |    21 |    14 |     3 |     1 |       |       ||    47
       Agony             |       |       |     1 |    68 |   104 |    22 |     4 |     2 |       ||   201
       Borgnjor's Vile C |       |       |       |       |   148 |   282 |   278 |   198 |   111 ||  1017
       Excruciating Woun |       |       |       |       |     2 |       |       |       |       ||     2
       Dazzling Flash    |       |       |       |       |     1 |       |       |       |       ||     1
       Iron Shot         |       |       |       |       |       |   194 |   316 |   727 |   555 ||  1792
       Orb of Destructio |       |       |       |       |       |    20 |    21 |    16 |    20 ||    77
       Death Channel     |       |       |       |       |       |     1 |     8 |       |    14 ||    23
       Lee's Rapid Decon |       |       |       |       |       |       |     2 |       |       ||     2
       Spellforged Servi |       |       |       |       |       |       |     1 |    80 |   187 ||   268
       Blink             |       |       |       |       |       |       |       |     1 |     5 ||     6
       Dragon's Call     |       |       |       |       |       |       |       |       |    57 ||    57
       Infestation       |       |       |       |       |       |       |       |       |    35 ||    35
Invok: Curse Item        |       |       |     1 |     4 |     5 |       |       |     3 |       ||    13
       Shatter the Chain |       |       |       |       |     2 |     1 |     1 |     2 |     1 ||     7
Evoke: Wand              |       |       |       |    18 |     4 |     2 |     9 |     2 |     4 ||    39
       Box of beasts     |       |       |       |     2 |       |       |     1 |     1 |       ||     4
       Lightning rod     |       |       |       |     1 |     3 |       |       |     2 |       ||     6
       Condenser vane    |       |       |       |       |     1 |     2 |     2 |     1 |     2 ||     8
       Tin of tremorston |       |       |       |       |       |       |     1 |     2 |       ||     3
  Use: Scroll            |       |     4 |     6 |     9 |     4 |    10 |    17 |    10 |    21 ||    81
 Stab: Sleeping          |     2 |     1 |     4 |     7 |     9 |    10 |     7 |       |     2 ||    42
       Held in net/web   |       |       |       |     2 |       |     2 |       |       |       ||     4
       Distracted        |       |       |       |     4 |     1 |     3 |     2 |     5 |    61 ||    76
       Invisible         |       |       |       |       |     1 |       |       |       |     3 ||     4
       Confused          |       |       |       |       |       |       |       |       |     1 ||     1
       Petrifying        |       |       |       |       |       |       |       |       |     1 ||     1
       Petrified         |       |       |       |       |       |       |       |       |     3 ||     3
Armor: Robe              |    12 |       |       |       |       |       |       |       |       ||    12
       Leather armour    |       |    44 |    56 |   310 |   117 |       |       |       |       ||   527
       Fire dragon scale |       |       |       |       |   312 |   422 |   305 |   283 |  1200 ||  2522
Dodge: Dodged            |    33 |   154 |   222 |   698 |   499 |   378 |   299 |   231 |   849 ||  3363
Block: Other             |     7 |    35 |    81 |   145 |       |       |       |       |       ||   268
       Reflection        |       |     2 |     3 |     7 |    33 |    71 |    64 |    22 |    48 ||   250
       Buckler           |       |       |       |   200 |   682 |   583 |   411 |       |       ||  1876
       Kite shield       |       |       |       |       |       |       |    18 |   532 |  2351 ||  2901

Table legend: (Time is in decaauts)
 A = Elapsed time spent in this place.
 B = Non-inter-level travel time spent in this place.
 C = Inter-level travel time spent in this place.
 D = Time resting spent in this place.
 E = Time spent auto-exploring this place.
 F = Levels seen in this place.
 G = Mean time per level.
                   A        B        C        D        E       F      G
               +--------+--------+--------+--------+--------+-----+--------+
         Total | 161661 | 147386 |  14275 |  32579 |  74343 | 130 | 1243.5 |
       Dungeon |  30827 |  25110 |   5717 |   4952 |  14832 |  15 | 2055.1 |
        Temple |     77 |     56 |     21 |      0 |     50 |   1 |   77.0 |
          Lair |  19210 |  16941 |   2269 |   4398 |   8840 |   6 | 3201.7 |
        Shoals |   9401 |   9097 |    304 |   2032 |   5196 |   4 | 2350.2 |
     Snake Pit |   9619 |   8961 |    658 |    584 |   6320 |   4 | 2404.8 |
    Slime Pits |   8361 |   8177 |    184 |   3917 |   2646 |   5 | 1672.2 |
  Orcish Mines |   3066 |   2786 |    280 |    521 |   1401 |   2 | 1533.0 |
   Elven Halls |   7702 |   7115 |    587 |   1214 |   4068 |   3 | 2567.3 |
        Vaults |  17010 |  15402 |   1608 |   3127 |   8877 |   5 | 3402.0 |
        Depths |  17301 |  15963 |   1338 |   5478 |   7716 |   4 | 4325.2 |
          Hell |   2878 |   2667 |    211 |   1139 |    878 |   1 | 2878.0 |
           Dis |    697 |    697 |      0 |    458 |      0 |   2 |  348.5 |
       Gehenna |   1000 |   1000 |      0 |    425 |      0 |   6 |  166.7 |
      Tartarus |    652 |    500 |    152 |    201 |      5 |   3 |  217.3 |
           Zot |  14772 |  13830 |    942 |   2787 |   7090 |   5 | 2954.4 |
         Abyss |   8043 |   8043 |      0 |    575 |    246 |  55 |  146.2 |
   Pandemonium |  10380 |  10380 |      0 |    770 |   5774 |   6 | 1730.0 |
        Bazaar |    520 |    520 |      0 |      0 |    402 |   1 |  520.0 |
         Trove |    110 |    110 |      0 |      0 |      0 |   1 |  110.0 |
      Ice Cave |     24 |     24 |      0 |      0 |      0 |   1 |   24.0 |
               +--------+--------+--------+--------+--------+-----+--------+

Top non-repeatable levels by time:
Depths:1: 6163 daAuts
  Lair:5: 4706 daAuts
Vaults:4: 4641 daAuts
  Lair:6: 4595 daAuts
Depths:3: 4445 daAuts
   Zot:5: 4179 daAuts
Depths:2: 4168 daAuts
 Snake:4: 3991 daAuts
    D:11: 3965 daAuts
 Abyss:4: 3901 daAuts
Vaults:1: 3771 daAuts
   Zot:4: 3536 daAuts
   Elf:2: 3526 daAuts
  Lair:1: 3319 daAuts
Vaults:3: 3302 daAuts
